 Dungeon Crawl Stone Soup version 0.30-a0-860-g512cf1e979 (webtiles) character file.

Game seed: 16026256861490555226

3115 FexLirch the Grappler (level 9, -5/81 HPs)
             Began as a Troll Gladiator on Mar 7, 2023.
             Was an Elder of Elyvilon.
             Slain by a gnoll sergeant
             ... wielding a +0 spear of flaming
              (16 damage)
             ... on level 9 of the Dungeon.
             The game lasted 00:16:38 (6242 turns).

FexLirch the Grappler (Troll Gladiator)             Turns: 6242, Time: 00:16:39

Health: -5/81      AC:  4    Str: 24    XL:     9   Next: 60%
Magic:  9/9        EV: 10    Int:  8    God:    Elyvilon [****..]
Gold:   177        SH:  0    Dex: 11    Spells: 5/8 levels left

rFire   . . .      SeeInvis .    I - +3 greatsling "Punk" {acid, rCorr}
rCold   . . .      Faith    .    o - orb {mayhem}
rNeg    . . .      Spirit   .    a - +0 robe
rPois   .          Reflect  .    b - +0 hat
rElec   .          Rampage  .    (no cloak)
rCorr   +                        (gloves unavailable)
Will    .....                    (boots unavailable)
Stlth   +                        (no amulet)
HPRegen 1.13/turn                (no ring)
MPRegen 0.11/turn                (no ring)

@: no status effects
A: large, unfitting armour, claws 3, regeneration 1, shaggy fur 1, tough skin 1
a: Renounce Religion, Purification, Heal Other, Heal Self


You were on level 9 of the Dungeon.
You worshipped Elyvilon.
Elyvilon was greatly pleased with you.
You visited 1 branch of the dungeon, and saw 9 of its levels.

You collected 346 gold pieces.
You spent 169 gold pieces at shops.

Inventory:

Hand Weapons
 I - the +3 greatsling "Punk" (weapon) {acid, rCorr}
   (You found it on level 8 of the Dungeon)

   rCorr:     It protects you from acid and corrosion.
Missiles
 c - a curare-tipped dart
 d - a large rock
 f - 65 stones
 g - 17 poisoned darts
 q - 5 boomerangs
 y - 2 throwing nets
Armour
 a - a +0 robe (worn)
 b - a +0 hat (worn)
 o - an orb of mayhem (worn)
Wands
 C - a wand of charming (1)
 F - a wand of mindburst (10)
Scrolls
 e - 3 scrolls of magic mapping
 h - 5 scrolls of identify
 i - 11 scrolls of teleportation
 j - 3 scrolls of vulnerability
 k - 2 scrolls of immolation {unknown}
 l - a scroll of silence {unknown}
 n - a scroll of fear {unknown}
 v - a scroll of enchant armour {unknown}
 x - 3 scrolls of amnesia
 G - a scroll of blinking {unknown}
Potions
 m - a potion of mutation {unknown}
 p - 2 potions of lignification {unknown}
 r - 2 potions of degeneration {unknown}
 s - a potion of ambrosia {unknown}
 t - a potion of resistance
 u - a potion of cancellation
 w - a potion of invisibility
 z - 4 potions of curing {unknown}
 A - a potion of flight {unknown}
 B - a potion of haste {unknown}
 E - 4 potions of heal wounds {unknown}
 H - a potion of brilliance {unknown}
 J - a potion of might {unknown}
Miscellaneous
 D - a lightning rod (4/4)


   Skills:
 + Level 3.0 Fighting
 - Level 1.7 Throwing
 + Level 3.4 Dodging
 + Level 12.3 Unarmed Combat
 + Level 2.0 Translocations
 + Level 2.4 Invocations


You had 5 spell levels left.
You knew the following spells:

 Your Spells              Type           Power      Damage    Failure   Level
a - Swiftness             Air            0%         N/A       78%         3

Your spell library contained the following spells:

 Spells                   Type           Power      Damage    Failure   Level
 Freeze                   Ice            0%         1d3       41%         1
 Shock                    Conj/Air       0%         1d3       41%         1
 Cigotuvi's Dreadful Rot  Necr/Pois/Air  0%         N/A       54%         2
 Poisonous Vapours        Pois/Air       0%         N/A       54%         2
 Kindle Blastsparks       Fire/Tloc/Air  2%         2d10      69%         3
 Frozen Ramparts          Ice            0%         1d1       78%         3
 Hailstorm                Conj/Ice       0%         3d3       78%         3
 Ignite Poison            Fire/Tmut/Pois 0%         N/A       78%         3
 Mephitic Cloud           Conj/Pois/Air  0%         N/A       78%         3
 Manifold Assault         Tloc           3%         N/A       88%         4
 Airstrike                Air            0%         2d(0-16)  99%         4
 Animate Armour           Summ/Erth      0%         N/A       99%         4
 Cause Fear               Hex            0%         N/A       99%         4
 Blade Hands              Tmut           0%         N/A       100%        5
 Freezing Cloud           Conj/Ice/Air   0%         6-21      100%        5
 Dispersal                Tloc           1%         N/A       100%        6
 Iron Shot                Conj/Erth      0%         9d1       100%        6
 Dragon Form              Tmut           0%         N/A       100%        7
 Disjunction              Tloc           1%         N/A       100%        8
 Chain Lightning          Conj/Air       0%         N/A       100%        9
 Dragon's Call            Summ           0%         N/A       100%        9
 Fire Storm               Conj/Fire      0%         5d1       100%        9
 Shatter                  Erth           0%         3d5*      100%        9


Dungeon Overview and Level Annotations

Branches:
Dungeon (9/15)             Temple (0/1) D:5
   Lair: D:8-11         Orc: D:9-12

Altars:
Ashenzari
Dithmenos
Elyvilon
Fedhas
Qazlal
Sif Muna
Vehumet
Yredelemnul

Shops:
D:4 ?   D:5 :   D:7 (*

Annotations:
D:7 3 runed translucent doors, Selderis's ghost, amateur TrMo


Innate Abilities, Weirdness & Mutations

You are too large for most types of armour.
You have claws for hands.
Your natural rate of healing is unusually fast.
You are covered in fur. (AC +1)
You have tough skin. (AC +1)


Message History

Unknown command.
The gnoll sergeant hits you with a +0 spear of flaming!
The gnoll sergeant burns you.
The gnoll sergeant hits you with a +0 spear of flaming!
The gnoll sergeant burns you.
There is a broken door, spattered with blood here.
You shoot a sling bullet.
The sling bullet closely misses the gnoll sergeant.
The gnoll sergeant hits you with a +0 spear of flaming.
The gnoll sergeant burns you.
The gnoll sergeant hits you with a +0 spear of flaming.
* * * LOW HITPOINT WARNING * * *
The gnoll sergeant burns you.
* * * LOW HITPOINT WARNING * * *
You shoot a sling bullet.
The sling bullet hits the gnoll sergeant but does no damage.
The gnoll sergeant is splashed with acid.
The gnoll sergeant is heavily wounded.
The gnoll sergeant closely misses you.
The gnoll sergeant hits you with a +0 spear of flaming.
* * * LOW HITPOINT WARNING * * *
The gnoll sergeant burns you.
* * * LOW HITPOINT WARNING * * *
You shoot a sling bullet.
The sling bullet hits the gnoll sergeant.
The gnoll sergeant is splashed with acid.
The gnoll sergeant is almost dead.
The gnoll sergeant hits you with a +0 spear of flaming!
* * * LOW HITPOINT WARNING * * *
The gnoll sergeant burns you.
* * * LOW HITPOINT WARNING * * *
The gnoll sergeant hits you with a +0 spear of flaming!
Elyvilon protects you from harm! The gnoll sergeant burns you.
* * * LOW HITPOINT WARNING * * *
You shoot a sling bullet.
The sling bullet closely misses the gnoll sergeant.
The gnoll sergeant looks more healthy.
The gnoll sergeant hits you with a +0 spear of flaming!
You die...

##.## #######'####
...... #..........#
......####..........#
...gg...##..........#
#)##..........#
#........5
#g##..........#
#......g.
#.##..........#
#......5
#.##..........#
#.....5
#.g@..).......#
#.....
####..........# ....
####)####### #K####
#.....# #..).#
#####'## ####.#####
#......# #.......#
###......#
######.......#
#.'......#
#............#
#.#......#


You could see a neutral gnoll sergeant (fast, strong, insane).

Vanquished Creatures
  Pikel (D:9)
  A hornet (D:8)
  A troll (D:9)
  Sigmund (D:3)
  3 water moccasins
  An ice beast (D:6)
  3 black bears
  2 centaurs (D:9)
  A phantom (D:4)
  A kobold brigand (D:6)
  A scorpion (D:4)
  4 bullfrogs
  3 howler monkeys
  2 jellies
  A gnoll bouda (D:4)
  4 hounds
  2 sleepcaps (D:6)
  3 iguanas
  10 gnolls
  8 adders
  A white imp (D:5)
  An ufetubus (D:7)
  A worm (D:2)
  2 dart slugs
  16 orcs
  7 ball pythons
  2 endoplasms
  3 giant cockroaches (D:2)
  8 goblins
  7 hobgoblins
  2 jackals (D:4)
  7 kobolds
  4 quokkas
  4 bats
  A frilled lizard (D:3)
  A rat (D:2)
120 creatures vanquished.

Vanquished Creatures (collateral kills)
  A gnoll (D:9)
  5 orcs
  A ball python (D:3)
  An endoplasm (D:3)
  A hobgoblin (D:3)
  A quokka (D:3)
  5 kobolds
15 creatures vanquished.

Vanquished Creatures (others)
  A lemure (D:9)
  An orc (D:3)
  A goblin (D:4)
  16 fungi (D:6)
  16 plants (D:4)
35 creatures vanquished.

Grand Total: 170 creatures vanquished

Notes
Turn   | Place    | Note
-------+----------+-------------------------------------------
     0 | D:1      | FexLirch the Troll Gladiator began the quest for the Orb.
     0 | D:1      | Reached XP level 1. HP: 19/19 MP: 0/0
   219 | D:1      | Reached XP level 2. HP: 27/27 MP: 1/1
   661 | D:2      | Reached skill level 4 in Unarmed Combat
   663 | D:2      | Found a radiant altar of Vehumet.
   675 | D:2      | Reached XP level 3. HP: 33/33 MP: 2/2
  1103 | D:2      | Reached XP level 4. HP: 41/41 MP: 3/3
  1321 | D:3      | Reached skill level 5 in Unarmed Combat
  1514 | D:3      | Killed Sigmund
  1515 | D:3      | Reached skill level 6 in Unarmed Combat
  1515 | D:3      | Reached XP level 5. HP: 30/48 MP: 4/4
  1515 | D:3      | Reached XP level 6. HP: 35/55 MP: 5/5
  1554 | D:3      | Found a white marble altar of Elyvilon.
  1602 | D:3      | Became a worshipper of Elyvilon the Healer
  2091 | D:4      | Reached skill level 7 in Unarmed Combat
  2164 | D:4      | Found a shadowy altar of Dithmenos.
  2164 | D:4      | Found a stormy altar of Qazlal.
  2454 | D:4      | Reached skill level 8 in Unarmed Combat
  2463 | D:4      | Reached * piety under Elyvilon
  2464 | D:4      | Found Udekoul's Magic Scroll Shop.
  2483 | D:4      | Reached XP level 7. HP: 57/62 MP: 6/6
  2841 | D:4      | Bought a scroll of magic mapping for 82 gold pieces
  2841 | D:4      | Bought a scroll of identify for 22 gold pieces
  2841 | D:4      | Bought a scroll of teleportation for 33 gold pieces
  2930 | D:5      | Entered Level 5 of the Dungeon
  3120 | D:5      | Reached skill level 9 in Unarmed Combat
  3265 | D:5      | Found a blossoming altar of Fedhas.
  3314 | D:5      | Found Nuodoupt's Book Emporium.
  3358 | D:5      | Found a staircase to the Ecumenical Temple.
  3428 | D:5      | Reached ** piety under Elyvilon
  3491 | D:5      | Found a broken altar of Ashenzari.
  3492 | D:5      | Found a basalt altar of Yredelemnul.
  3579 | D:6      | Reached XP level 8. HP: 70/70 MP: 7/7
  3611 | D:6      | Reached skill level 10 in Unarmed Combat
  3867 | D:6      | Found a shimmering blue altar of Sif Muna.
  3971 | D:6      | Reached skill level 11 in Unarmed Combat
  4607 | D:7      | Reached *** piety under Elyvilon
  4719 | D:7      | Found Poowagaz's CLEARANCE SALE!.
  4724 | D:7      | Bought a potion of invisibility for 32 gold pieces
  4788 | D:7      | Noticed Selderis's ghost (amateur TrMo)
  4908 | D:7      | Reached skill level 12 in Unarmed Combat
  4916 | D:7      | Found Ahawap's Weapon Boutique.
  4938 | D:7      | Found a runed translucent gate.
  4938 | D:7      | Found a runed translucent gate.
  4938 | D:7      | Found a runed translucent gate.
  5152 | D:7      | Reached XP level 9. HP: 79/79 MP: 8/8
  5156 | D:7      | Learned a level 3 spell: Swiftness
  5742 | D:8      | Reached **** piety under Elyvilon
  5749 | D:8      | Reached skill level 1 in Invocations
  5861 | D:8      | Found the +3 greatsling "Punk" {acid, rCorr}
  5991 | D:9      | Noticed Pikel
  6029 | D:9      | Killed Pikel
  6030 | D:9      | Reached skill level 1 in Translocations
  6070 | D:9      | Noticed a troll
  6106 | D:9      | Killed a troll
  6241 | D:9      | Elyvilon protects you from harm!
  6242 | D:9      | Slain by a gnoll sergeant

Illustrated notes

Levels and vault maps discovered:
D:1:      mrwooster_arrival_statue_3, layout_basic, minmay_misc_feat_columns
D:2:      layout_loops_ring, basic_altar, minivault_14
D:3:      layout_loops_ring, mainiacjoe_overflow_surrounded_room, uniq_sigmund
D:4:      layout_basic, nicolae_overflow_squiral, serial_shops,
          nicolae_shop_waterfront, serial_forest,
          infiniplex_forest_lined_room_2, infiniplex_forest_lined_room_,
          infiniplex_forest_lined_room_2, infiniplex_forest_clump_medium,
          infiniplex_forest_clump_diagonal, infiniplex_forest_straight_3,
          infiniplex_forest_clump_long, infiniplex_forest_lined_4_way,
          infiniplex_forest_end_3
D:5:      layout_rooms, lemuel_round_altar, mainiacjoe_overflow_divided_tiny,
          minmay_temple_entry_poolview, serial_shops, shop,
          nicolae_concentric_dashed_squares_wild, nicolae_titane
D:6:      layout_basic, lemuel_crystal_altar, serial_aquarium,
          aquarium_bridge_long_joined [aquarium_subvault_wall,
          aquarium_subvault_wall, aquarium_subvault_bridge,
          aquarium_subvault_balcony, aquarium_subvault_bridge,
          aquarium_subvault_bridge], aquarium_bridge_square
          [aquarium_subvault_bridge, aquarium_subvault_wall,
          aquarium_subvault_bridge, aquarium_subvault_window],
          aquarium_window_2, aquarium_window_corner, aquarium_window_corner,
          aquarium_window_1, aquarium_view_2a, aquarium_view_2b,
          aquarium_pool_side, kennysheep_opposing_triangles
D:7:      layout_loops_corners, gammafunk_ghost_icy, serial_shops, shop_statue,
          nicolae_shop_clearance
D:8:      layout_basic, worldfamousw_hep_ancestral_shrine, kennysheep_mini_moat,
          erik_lair_orcish_takeover, ebering_ghost_xom,
          nicolae_straight_to_the_point
D:9:      layout_roguey, minmay_misc_feat_roman, grunt_ministairs_11,
          uniq_pikel, uniq_prince_ribbit1

Skill      XL: |  1  2  3  4  5  6  7  8  9 |
---------------+----------------------------+-----
Unarmed Combat | 4 6 8 9 12 | 12.3
Fighting       | 3 |  3.0
Invocations    | 2 |  2.4
Dodging        | 3 |  3.4
Translocations | 2 |  2.0
Throwing       | |  1.7

Action                     |  1- 3 |  4- 6 |  7- 9 || total
---------------------------+-------+-------+-------++-------
  Melee: Unarmed           |    67 |   122 |   163 ||   352
         Punch             |     2 |       |       ||     2
   Fire: Greatsling        |       |       |    17 ||    17
  Throw: Large rock        |       |     1 |       ||     1
         Boomerang         |       |     2 |     7 ||     9
         Throwing net      |       |       |     3 ||     3
    Use: Scroll            |       |       |     4 ||     4
         Potion            |       |       |     1 ||     1
   Stab: Sleeping          |     1 |       |       ||     1
         Held in net/web   |       |       |     1 ||     1
         Invisible         |       |       |     2 ||     2
 Armour: Robe              |    23 |    31 |    33 ||    87
  Dodge: Dodged            |    24 |    52 |    80 ||   156

Table legend: (Time is in decaauts)
 A = Elapsed time spent in this place.
 B = Non-inter-level travel time spent in this place.
 C = Inter-level travel time spent in this place.
 D = Time resting spent in this place.
 E = Time spent auto-exploring this place.
 F = Levels seen in this place.
 G = Mean time per level.
                   A        B        C        D        E       F      G
               +--------+--------+--------+--------+--------+-----+--------+
         Total |   6197 |   6008 |    189 |     42 |   4903 |   9 |  688.6 |
       Dungeon |   6197 |   6008 |    189 |     42 |   4903 |   9 |  688.6 |
               +--------+--------+--------+--------+--------+-----+--------+

Top non-repeatable levels by time:
     D:6: 1059 daAuts
     D:7: 1042 daAuts
     D:4: 867 daAuts
     D:3: 774 daAuts
     D:2: 697 daAuts
     D:5: 591 daAuts
     D:1: 579 daAuts
     D:8: 300 daAuts
     D:9: 285 daAuts
